[Event "Late-Titled-Tuesday-Blitz-February-27-2024"]
[Site "Chess.com"]
[Date "2024.02.27"]
[Round "7"]
[White "rhungaski"]
[Black "semchik73"]
[Result "0-1"]
[WhiteElo "2583"]
[BlackElo "2452"]
[TimeControl "180+1"]
[EndTime "15:15:54 PST"]
[Termination "semchik73 won on time"]

1. e4 Nf6 2. e5 Nd5 3. d4 d6 4.
c4 Nb6 5. f4 dxe5 6. fxe5 Nc6 7. Be3 Bf5 8. Nc3 e6 9. Nf3 Bg4 10. Be2 Bxf3 11. gxf3 Qh4+ 12. Bf2 Qf4 13. c5 Nd5 14. Nxd5 exd5 15. Qd2 Qf5 16. f4 g5 17. fxg5 h6 18. g6 fxg6 19. Bd3 Qf3 20. Bxg6+ Kd8 21.
Rf1 Be7 22. Bg3 Qg4 23. Bf7 Bg5 24. Qd3 Nb4 25. Qf3 Qxf3 26. Rxf3 Nc2+ 27. Ke2 Nxa1 28. Kd3 Rf8 29. e6 Ke7 30. Bxc7 Rfc8 31. Bd6+ Kd8 0-1

[Event "Late-Titled-Tuesday-Blitz-February-27-2024"]
[Site "Chess.com"]
[Date "2024.02.27"]
[Round "7"]
[White "PositionalPanther"]
[Black "kripri"]
[Result "1-0"]
[WhiteElo "2502"]
[BlackElo "2356"]
[TimeControl "180+1"]
[EndTime "15:15:54 PST"]
[Termination "PositionalPanther won by checkmate"]

1. Nf3 Nf6 2. g3 d5 3. Bg2 Bg4 4. O-O e6 5. h3 Bh5 6. c4 c6 7. d4 Be7 8. Nc3 O-O 9. Qb3 Qb6 10. g4 Bg6 11. Bf4 dxc4 12. Qxc4 Qxb2 13. Ne5 b5 14.
Nxb5 cxb5 15. Qc7 Bd8 16. Qb7 Nd5 17. Bxd5 exd5 18. Qxa8 Qxd4 19. Nxg6 hxg6 20. Bxb8 Bc7 21. Qxa7 Bb6 22. Qb7 Re8 23. Rad1 Qc5 24. Rxd5 Qc4 25.
Bg3 Rxe2 26. Rd7 Bc5 27. Qc8+ Kh7 28. Rd8 g5 29. Rh8+ Kg6 30. Qf5# 1-0

[Event "Late-Titled-Tuesday-Blitz-February-27-2024"]
[Site "Chess.com"]
[Date "2024.02.27"]
[Round "7"]
[White "LUISMIGUELOV"]
[Black "PapaieDudu"]
[Result "1/2-1/2"]
[WhiteElo "2194"]
[BlackElo "2391"]
[TimeControl "180+1"]
[EndTime "15:15:54 PST"]
[Termination "Game drawn - insufficient material"]

1. d4 d5 2. c3 e6 3. Nf3 Nf6 4. Bg5 Be7 5. e3 h6 6. Bh4 O-O 7. Bd3 b6 8. Qe2 Bb7 9. Ne5 Nbd7 10. f4 Ne4 11. Bxe7 Qxe7 12. O-O Rfe8 13. Nd2 Ndf6 14. Nxe4 dxe4 15. Bc4 c6 16. h3 a5 17. a3 a4 18.
Rae1 b5 19. Ba2 Rab8 20. g4 c5 21. g5 hxg5 22. fxg5 Nd5 23. Bxd5 Qxg5+ 24. Qg2 Qxg2+ 25. Kxg2 Bxd5 26. Nd7 cxd4 27. Nxb8 Rxb8 28. exd4 f5 29. Kg3 Kf7 30. h4 Rh8 31. Rh1 Kf6 32. Kf4 Rh5 33. Reg1 e3 34. Rh2 e2 35. Re1 Rxh4+ 36. Rxh4 g5+ 37.
Kg3 gxh4+ 38. Kxh4 Bc4 39. Kg3 Kg5 40. Kf3 f4 41. Ke4 Kg4 42. Rg1+ Kh3 43. Kxf4 Kh2 44. Re1 Kg2 45. Ke3 Kg3 46. Rxe2 Bxe2 47. Kxe2 Kf4 48. Kd3 Kf3 49. c4 bxc4+ 50. Kxc4 Ke4 51. Kc3 Ke3 52. Kc4 Ke4 53. Kc3 Ke3 54. Kc4 Kd2 55. b3 axb3 56. Kxb3 Kd3 57. a4 Kxd4 58. a5 Kc5 59. Kc3 Kb5 60. Kd4 Kxa5 61. Ke5 Kb4 62. Kxe6 1/2-1/2

[Event "Late-Titled-Tuesday-Blitz-February-27-2024"]
[Site "Chess.com"]
[Date "2024.02.27"]
[Round "7"]
[White "Piotrek1979"]
[Black "reevecanada"]
[Result "1-0"]
[WhiteElo "2470"]
[BlackElo "2607"]
[TimeControl "180+1"]
[EndTime "15:15:55 PST"]
[Termination "Piotrek1979 won by resignation"]

1. e4 c5 2. Nf3 d6 3. d3 Nf6 4. g3 g6 5. Bg2 Bg7 6. O-O O-O 7. c4 Nc6 8. Nc3 b6 9. h3 Bb7 10. Bg5 a6 11. Re1 h6 12. Be3 Nd7 13. Qd2 Kh7 14. Rab1 Nd4 15. Bxd4 cxd4 16. Ne2 e5 17. h4 f5 18.
exf5 gxf5 19. Nfxd4 Bxg2 20. Ne6 Qe7 21. Nxf8+ Rxf8 22. Kxg2 f4 23. Nxf4 Qf7 24. Nd5 Nc5 25.
Qe2 Qf5 26. Rbd1 Rf7 27. b4 Ne6 28. Qe4 b5 29. Qxf5+ Rxf5 30. Nc3 Nd4 31. a4 bxc4 32. dxc4 Rf8 33. Ne4 Rb8 34. b5 axb5 35. axb5 d5 36. cxd5 Rxb5 37. d6 Rd5 38. Re3 Kg6 39. Ra3 Bf8 40.
Ra8 Bg7 41. Ra6 Kf5 42. f3 h5 43. Rb1 Ne6 44. Rb7 Rd2+ 45. Nxd2 1-0

[Event "Late-Titled-Tuesday-Blitz-February-27-2024"]
[Site "Chess.com"]
[Date "2024.02.27"]
[Round "7"]
[White "Yahisalem"]
[Black "ChessFanNM"]
[Result "0-1"]
[WhiteElo "1998"]
[BlackElo "2320"]
[TimeControl "180+1"]
[EndTime "15:15:55 PST"]
[Termination "ChessFanNM won by checkmate"]

1. e4 c6 2. Nf3 d5 3. e5 Bg4 4. d4 e6 5. c3 c5 6. dxc5 Bxf3 7. Qxf3 Nd7 8. b4 Nxe5 9. Qg3 Ng6 10. Bb5+ Ke7 11.
O-O a6 12. Ba4 Nh6 13. Bxh6 gxh6 14. Nd2 Bg7 15. Rac1 Be5 16. Qd3 Kf8 17. f4 Bxf4 18. g3 Bg5 19. Rce1 Kg7 20. Nf3 Rf8 21. Bc2 Kg8 22.
h4 Qc7 23. Kg2 Bxh4 24. gxh4 Nf4+ 25. Kh1 Nxd3 26. Bxd3 Kh8 27. Ne5 f6 28. Ng4 Qg7 29. Rg1 f5 30. Ne5 Qf6 31. Nd7 Qxh4+ 32. Kg2 Rg8+ 33. Kf3 Qh3+ 34. Ke2 Qh2+ 35. Kd1 Rxg1 36. Rxg1 Qxg1+ 37. Kc2 Qe3 38. c6 bxc6 39. Nc5 Rg8 40.
Bxa6 Rg2+ 41. Kb3 h5 42. a4 h4 43. a5 h3 44. Bc8 h2 45. a6 h1=Q 46. a7 Qb1+ 47. Ka4 Ra2# 0-1

[Event "Late-Titled-Tuesday-Blitz-February-27-2024"]
[Site "Chess.com"]
[Date "2024.02.27"]
[Round "7"]
[White "Fjal"]
[Black "ArturoCaceres"]
[Result "1-0"]
[WhiteElo "2299"]
[BlackElo "2442"]
[TimeControl "180+1"]
[EndTime "15:15:57 PST"]
[Termination "Fjal won by resignation"]

1. Nf3 b6 2. g3 Bb7 3. Bg2 g6 4. O-O Bg7 5. c4 c5 6. Nc3 Nc6 7. e3 e6 8. d4 cxd4 9. exd4 Nf6 10. d5 exd5 11. cxd5 Nb4 12. Re1+ Kf8 13. Ne5 d6 14. Nc6 Bxc6 15. dxc6 Rc8 16. Bf4 Nxc6 17. Bxd6+ Kg8 18. Qd2 h6 19. Rad1 Kh7 20. Qf4 Re8 21. Be5 Qe7 22.
Bxf6 Qxf6 23. Rxe8 Qxf4 24. gxf4 Rxe8 25. Bxc6 Rc8 26.
Bd5 Bxc3 27. bxc3 Rxc3 28. Bxf7 Kg7 29. Rd7 a5 30. Bb3+ Kh8 31. Rb7 Rc6 32. Kg2 Rf6 33. Kg3 Rd6 34. h4 Rf6 35. Kg4 Rd6 36. Re7 Rf6 37.
Re6 h5+ 38. Kg5 Rf5+ 39. Kxg6 1-0

[Event "Late-Titled-Tuesday-Blitz-February-27-2024"]
[Site "Chess.com"]
[Date "2024.02.27"]
[Round "7"]
[White "el008"]
[Black "IlanSchnaider"]
[Result "1-0"]
[WhiteElo "2512"]
[BlackElo "2698"]
[TimeControl "180+1"]
[EndTime "15:15:58 PST"]
[Termination "el008 won by resignation"]

1. Nf3 Nf6 2. b3 g6 3. Bb2 Bg7 4. e3 O-O 5. Be2 d5 6. O-O c5 7. c4 d4 8. exd4 Nh5 9. d3 cxd4 10. Re1 Nc6 11. a3 Nf4 12. b4 Bf5 13. Bf1 Qd7 14.
Bc1 e5 15. b5 Na5 16. Nxe5 Bxe5 17. Rxe5 Nh5 18. Bd2 b6 19. Bxa5 bxa5 20. Nd2 Qd6 21. Rxf5 gxf5 22. Qxh5 Qf6 23. g3 Rfe8 24. c5 Re5 25. Rc1 f4 26. Qf3 Rc8 27. Ne4 Qh6 28. Qxf4 Qe6 29. Bh3 f5 30. a4 Rf8 31. c6 Qe7 32.
Qg5+ Qxg5 33. Nxg5 Rc8 34. Nf3 Rd5 35. Nh4 Kf8 36. Bxf5 Rc7 37. Be4 Re5 38. Nf3 Ree7 39. Nxd4 Ke8 40. Nf5 Re6 41. Ng7+ Rxg7 42. c7 Rxc7 43.
Rxc7 Rxe4 44. dxe4 a6 45. bxa6 1-0

[Event "Late-Titled-Tuesday-Blitz-February-27-2024"]
[Site "Chess.com"]
[Date "2024.02.27"]
[Round "7"]
[White "robertoalejandro10"]
[Black "WPWPWP-2015"]
[Result "0-1"]
[WhiteElo "2584"]
[BlackElo "2454"]
[TimeControl "180+1"]
[EndTime "15:15:59 PST"]
[Termination "WPWPWP-2015 won by resignation"]

1. Nf3 Nf6 2. c4 e6 3. g3 Be7 4. Bg2 O-O 5. O-O Re8 6. b3 c5 7. Bb2 Nc6 8. e3 b6 9. Qe2 Bb7 10. Rd1 d5 11. cxd5 exd5 12. d4 Qc7 13. Nc3 Rad8 14.
Rac1 a6 15. dxc5 bxc5 16. Na4 Ne4 17. Nd2 Nxd2 18. Qxd2 d4 19. e4 Qe5 20. Qf4 Qh5 21.
Bf3 Qg6 22. Nxc5 Bg5 23. Qg4 Ne5 24. Qh5 Bxc1 25. Bxc1 Ba8 26. Qxg6 Nxf3+ 27. Kg2 hxg6 28. Kxf3 f5 29. Re1 fxe4+ 30. Nxe4 Rxe4 31. Rxe4 Re8 0-1

[Event "Late-Titled-Tuesday-Blitz-February-27-2024"]
[Site "Chess.com"]
[Date "2024.02.27"]
[Round "7"]
[White "Ali_rastbod"]
[Black "Narek_Ghimoyan"]
[Result "1-0"]
[WhiteElo "2719"]
[BlackElo "2413"]
[TimeControl "180+1"]
[EndTime "15:16:01 PST"]
[Termination "Ali_rastbod won by resignation"]

1. d4 d5 2. Nc3 Nf6 3. Bf4 a6 4. e3 e6 5. g4 c5 6. g5 Nfd7 7. Qg4 Nc6 8. O-O-O cxd4 9. exd4 Bb4 10. Qg3 Qa5 11. Nge2 b5 12. Kb1 Nb6 13. b3 Bb7 14.
Bd6 Bxd6 15. Qxd6 b4 16. Na4 Nxa4 17. bxa4 Qxa4 18. Nc1 Na5 19. Nb3 Nxb3 20. cxb3 Qd7 21. Qxb4 a5 22. Qb5 Qxb5 23. Bxb5+ Ke7 24. f4 g6 25. h4 h5 26. Rc1 Rhc8 27. Rxc8 Rxc8 28.
Rc1 Rxc1+ 29. Kxc1 f6 30. gxf6+ Kxf6 31. Bd3 Bc6 32.
Kb2 Be8 33. a4 Ke7 34. Ka3 Kd6 35. b4 axb4+ 36. Kxb4 Kc7 37. a5 Kd6 38. Bb5 Bf7 39. a6 Kc7 40. Kc5 e5 41. Bc6 e4 42. a7 1-0

[Event "Late-Titled-Tuesday-Blitz-February-27-2024"]
[Site "Chess.com"]
[Date "2024.02.27"]
[Round "7"]
[White "DraningWaterHi"]
[Black "SergioMoralesG"]
[Result "0-1"]
[WhiteElo "2245"]
[BlackElo "2522"]
[TimeControl "180+1"]
[EndTime "15:16:01 PST"]
[Termination "SergioMoralesG won by checkmate"]

1. d4 d5 2. c4 c6 3. Nf3 Nf6 4. Bf4 dxc4 5. a4 Nbd7 6. Nbd2 Nb6 7. e3 Nbd5 8. Bxc4 Nxf4 9. exf4 e6 10. O-O Bd6 11. Ne5 O-O 12. g3 Bd7 13. Nb3 Rc8 14. Qf3 g6 15. Rfd1 Kg7 16. a5 Qe7 17. Rac1 Rfd8 18.
h4 h5 19. Bd3 Be8 20. Be4 Nd5 21. Bxd5 cxd5 22. Nd3 b6 23. axb6 axb6 24. Ra1 Bb5 25. Ne5 Rc2 26. Rd2 Rdc8 27. Qe3 Bb4 28. Rxc2 Rxc2 29.
Ra2 Qc7 30. Kg2 Re2 31. Qf3 Be1 32. Nd3 Bxd3 33. Qxd3 Rxf2+ 34. Kh3 Qd7 35. g4 hxg4+ 36. Kxg4 e5+ 37. f5 Rxf5 38. Ra7 Rf4+ 39. Kg5 f6# 0-1

[Event "Late-Titled-Tuesday-Blitz-February-27-2024"]
[Site "Chess.com"]
[Date "2024.02.27"]
[Round "7"]
[White "Laico"]
[Black "C_K_G"]
[Result "1-0"]
[WhiteElo "2384"]
[BlackElo "2163"]
[TimeControl "180+1"]
[EndTime "15:16:04 PST"]
[Termination "Laico won by checkmate"]

1. e4 c5 2. Nc3 d6 3. f4 g6 4. Nf3 Bg7 5. Bb5+ Bd7 6. O-O Nf6 7. d3 O-O 8. Qe1 Nc6 9. Bxc6 Bxc6 10. Qh4 b5 11. f5 b4 12. Ne2 e6 13. Bg5 exf5 14.
Nd2 h6 15. Bxh6 Bxh6 16. Qxh6 Ng4 17. Qf4 Qe7 18. Ng3 Qh4 19. h3 g5 20. Qxf5 Ne3 21.
Qf6 Nxf1 22. Nf5 Qh7 23. Ne7# 1-0

[Event "Late-Titled-Tuesday-Blitz-February-27-2024"]
[Site "Chess.com"]
[Date "2024.02.27"]
[Round "7"]
[White "zajka-molotok"]
[Black "Kgutierrez95"]
[Result "0-1"]
[WhiteElo "2501"]
[BlackElo "2244"]
[TimeControl "180+1"]
[EndTime "15:16:06 PST"]
[Termination "Kgutierrez95 won by resignation"]

1. e4 c6 2. Nc3 d5 3. Nf3 Bg4 4.
h3 Bh5 5. g4 Bg6 6. d3 e6 7.
Bg2 Bb4 8. exd5 exd5 9. O-O Ne7 10. Ne5 Nd7 11. f4 Nxe5 12. fxe5 O-O 13. Bf4 c5 14. a3 Ba5 15. Qf3 Bxc3 16. bxc3 d4 17. Qxb7 dxc3 18. Rab1 c4 19. Qxa8 Qd4+ 20. Kh1 Rxa8 21. Bxa8 h6 22. dxc4 Be4+ 23. Bxe4 Qxe4+ 24. Kg1 Qxc2 25. Rbc1 Qd3 26. Kg2 Qxc4 27. Rf3 Nd5 28. Bg3 Qe2+ 29. Rf2 Qe4+ 30. Kg1 Qe3 31. Kh2 Qxc1 0-1

[Event "Late-Titled-Tuesday-Blitz-February-27-2024"]
[Site "Chess.com"]
[Date "2024.02.27"]
[Round "7"]
[White "Englishman_18"]
[Black "dimoni64"]
[Result "1-0"]
[WhiteElo "2323"]
[BlackElo "1971"]
[TimeControl "180+1"]
[EndTime "15:16:06 PST"]
[Termination "Englishman_18 won on time"]

1. Nf3 Nf6 2. c4 e6 3. g3 d5 4.
b3 c6 5. Bg2 Be7 6. O-O O-O 7.
Qc2 Nbd7 8. d4 Re8 9. Nbd2 Bd6 10. e4 dxe4 11. Nxe4 Nxe4 12. Qxe4 e5 13. Rd1 Nf6 14. Qh4 e4 15. Ng5 Bg4 16. Re1 Bb4 17.
Rxe4 Rxe4 18. Bxe4 h6 19. Nf3 Bc3 20. Rb1 Bxd4 21.
h3 Bxf2+ 22. Kg2 Bxf3+ 23. Kxf3 Nxe4 24. Qxe4 Qf6+ 25. Kg2 Bc5 26. Bf4 Rd8 27. Re1 g5 28. Be3 1-0

[Event "Late-Titled-Tuesday-Blitz-February-27-2024"]
[Site "Chess.com"]
[Date "2024.02.27"]
[Round "7"]
[White "SocoLoco"]
[Black "cthake"]
[Result "1-0"]
[WhiteElo "2215"]
[BlackElo "1818"]
[TimeControl "180+1"]
[EndTime "15:16:06 PST"]
[Termination "SocoLoco won by resignation"]

1. e4 e6 2. d3 d5 3. Nc3 Nf6 4. Bg5 Be7 5. Nf3 h6 6. Bd2 d4 7.
Ne2 c5 8. g3 b6 9. Bg2 Bb7 10.
a4 Nc6 11. O-O O-O 12. Qc1 e5 13. h3 Nh7 14. Nh2 Bc8 15. f4 f6 16. f5 Bd7 17.
g4 Be8 18. Nf3 Ng5 19. h4 Nxf3+ 20. Bxf3 Bf7 21. Kf2 a6 22. Rg1 b5 23. g5 fxg5 24. hxg5 hxg5 25. Bxg5 Bxg5 26. Rxg5 Qf6 27. Qg1 Rfe8 28.
Qg2 Re7 29. Rh1 Kf8 30. Rh8+ Bg8 31. Bh5 Nd8 32. Qg4 Nf7 33. Bxf7 Qxf7 34. Ng3 c4 35.
Nh5 Raa7 36. f6 Rec7 37. Rxg7 Qxf6+ 38. Nxf6 Rxg7 39. Rxg8+ Rxg8 40. Qxg8+ Ke7 41. Qg7+ 1-0

[Event "Late-Titled-Tuesday-Blitz-February-27-2024"]
[Site "Chess.com"]
[Date "2024.02.27"]
[Round "7"]
[White "JaackCamel"]
[Black "giomar27"]
[Result "0-1"]
[WhiteElo "2232"]
[BlackElo "2405"]
[TimeControl "180+1"]
[EndTime "15:16:08 PST"]
[Termination "giomar27 won on time"]

1. d4 b6 2. c4 Bb7 3. Nc3 g6 4. e4 Bg7 5. Nf3 d6 6. Be2 e6 7.
O-O a6 8. Be3 h6 9. Nd2 Nd7 10.
Rc1 Ne7 11. b4 O-O 12. a3 f5 13. f3 Nf6 14. Qc2 g5 15. Bd3 Nh5 16. Ne2 Qd7 17. c5 Rad8 18. d5 dxc5 19. bxc5 exd5 20. exf5 d4 21. Bf2 Nc6 22. Qa2+ Kh8 23. Ne4 Ne5 24.
Rfd1 Nxd3 25. Rxd3 Qxf5 26. c6 Bc8 27. Rcd1 Be6 28.
Qc2 b5 29. Qc1 Bc4 30. R3d2 d3 31. N2g3 Nxg3 32. Bxg3 Bd4+ 33. Kh1 Be3 34. a4 Bxd2 35.
Nxd2 Rfe8 36. Qc3+ Kg8 37. Ne4 Rxe4 38. fxe4 Qxe4 39. Qf6 Rf8 40. Qxh6 Qf5 41. h4 Qg4 42. Re1 gxh4 43. Re7 Rf1+ 0-1

[Event "Late-Titled-Tuesday-Blitz-February-27-2024"]
[Site "Chess.com"]
[Date "2024.02.27"]
[Round "7"]
[White "secretsuperstar7"]
[Black "Jahonas"]
[Result "1-0"]
[WhiteElo "2514"]
[BlackElo "2366"]
[TimeControl "180+1"]
[EndTime "15:16:10 PST"]
[Termination "secretsuperstar7 won on time"]

1. c4 Nf6 2. Nc3 c6 3. e4 d5 4.
e5 d4 5. exf6 dxc3 6. fxg7 cxd2+ 7. Bxd2 Bxg7 8. Qc2 Qd4 9. Bc3 Qg4 10. h3 Qg6 11. Qxg6 Bxc3+ 12. bxc3 hxg6 13. Nf3 Nd7 14. Bd3 Nc5 15. Bc2 Be6 16. O-O Bxc4 17. Rfe1 e6 18.
Ne5 Ba6 19. Rad1 Ke7 20. Rd4 Rad8 21. Rf4 Rhf8 22. Bxg6 f6 23. Nf3 Bd3 24. Rg4 Rg8 25. Bxd3 Rxg4 26. hxg4 Nxd3 27. Rb1 Nc5 28. Nd4 Rd5 29.
Re1 a5 30. f4 Kd7 31. f5 e5 32.
Nf3 Nd3 33. Rb1 b5 34. Nd2 Nf4 35. Ne4 Ke7 36. g3 Nd3 37. g5 fxg5 38. f6+ Kf7 39. Rf1 Rd8 40. Nxg5+ Kg6 41. Ne6 1-0

[Event "Late-Titled-Tuesday-Blitz-February-27-2024"]
[Site "Chess.com"]
[Date "2024.02.27"]
[Round "7"]
[White "TigrVShlyape"]
[Black "wild3000"]
[Result "1-0"]
[WhiteElo "2911"]
[BlackElo "2498"]
[TimeControl "180+1"]
[EndTime "15:16:11 PST"]
[Termination "TigrVShlyape won on time"]

1. d4 d5 2. Bf4 Nf6 3. e3 c6 4. c4 g6 5. Nc3 Bg7 6. Nf3 O-O 7.
h3 dxc4 8. Bxc4 Nbd7 9. O-O Nb6 10. Bb3 Nbd5 11. Be5 Bf5 12. Rc1 Nxc3 13. Rxc3 Ne4 14. Rc1 Nd6 15. Bxg7 Kxg7 16. Qe2 Be4 17. Ne5 Bd5 18. Bc2 f6 19. Nd3 Bc4 20. Bb3 Bxd3 21. Qxd3 Qb6 22. Rfd1 Rad8 23. Qc3 Ne4 24. Qc2 Nd6 25.
Be6 Ne8 26. a3 Nc7 27. Ba2 Nd5 28. g3 h5 29. e4 Nc7 30. d5 Rd6 31. h4 Rfd8 32.
Rd3 Na6 33. e5 Rxd5 34. Bxd5 cxd5 35. exf6+ exf6 36. Qe2 Qd6 37. Re3 Nc5 38. Re7+ Kf8 39.
b4 Nd7 40. Re6 Qb8 41. Qf3 Kf7 42. Qxd5 Ne5 43. Rd6+ 1-0

[Event "Late-Titled-Tuesday-Blitz-February-27-2024"]
[Site "Chess.com"]
[Date "2024.02.27"]
[Round "7"]
[White "dropstoneDP"]
[Black "LikeWater"]
[Result "1-0"]
[WhiteElo "2978"]
[BlackElo "2689"]
[TimeControl "180+1"]
[EndTime "15:16:11 PST"]
[Termination "dropstoneDP won on time"]

1. e4 c5 2. Nf3 a6 3. g3 Nc6 4. Bg2 e5 5. O-O g6 6. c3 Bg7 7. Na3 Nge7 8. Nc2 O-O 9. d4 d6 10. h3 cxd4 11. cxd4 b5 12. Be3 Bb7 13. d5 Na5 14. b3 h6 15. Nb4 f5 16. Rc1 f4 17.
Bd2 g5 18. Nh2 Rc8 19. Bf3 Rc5 20. Bg4 Bc8 21. Bxc8 Qxc8 22. Qg4 fxg3 23. fxg3 Rxf1+ 24. Rxf1 Nb7 25. Nc6 Rxc6 26. dxc6 Qxg4 27. Nxg4 Nxc6 28. Rc1 Nd4 29. Rc8+ Kh7 30. Be3 Nc5 31. Nf2 Ne2+ 32. Kg2 Nc3 33. Bxc5 dxc5 34. Rxc5 Nxa2 35. Nd3 Bf8 36.
Rc7+ Kg8 37. Ra7 Nc3 38. Kf3 Nb1 39. Ke3 1-0

[Event "Late-Titled-Tuesday-Blitz-February-27-2024"]
[Site "Chess.com"]
[Date "2024.02.27"]
[Round "7"]
[White "ElHelvetico"]
[Black "tteshan"]
[Result "1/2-1/2"]
[WhiteElo "2737"]
[BlackElo "2602"]
[TimeControl "180+1"]
[EndTime "15:16:12 PST"]
[Termination "Game drawn by repetition"]

1. c4 c6 2. Nf3 Nf6 3. b3 d5 4. Bb2 g6 5. g3 Bg7 6. Bg2 O-O 7. O-O Re8 8. d4 Nbd7 9. Nbd2 Nf8 10. Ne5 Bf5 11. Rc1 h5 12. e3 N8d7 13. Nxd7 Qxd7 14. Qe2 Rac8 15. Nf3 Ne4 16. Ne5 Qd6 17. f3 Nf6 18.
e4 dxe4 19. fxe4 Bg4 20. Qf2 Qe6 21. d5 cxd5 22. cxd5 Qa6 23. Nxg4 hxg4 24. Rxc8 Rxc8 25. e5 Nh5 26. Qxf7+ Kh7 27. Be4 Qb6+ 28. Kg2 Rf8 29. Qxe7 Rxf1 30. Kxf1 Qa6+ 31. Kg1 Qe2 32. Bxg6+ Kxg6 33. Qe6+ Kh7 34. Qf5+ Kg8 35. Qe6+ Kh7 36. Qf5+ Kg8 37.
Qe6+ Kh7 1/2-1/2

[Event "Late-Titled-Tuesday-Blitz-February-27-2024"]
[Site "Chess.com"]
[Date "2024.02.27"]
[Round "7"]
[White "DeArron_Fox"]
[Black "Malev212"]
[Result "1-0"]
[WhiteElo "2486"]
[BlackElo "2631"]
[TimeControl "180+1"]
[EndTime "15:16:17 PST"]
[Termination "DeArron_Fox won by resignation"]

1. d4 g6 2. c4 Bg7 3. Nc3 c5 4. d5 d6 5. e4 Bxc3+ 6. bxc3 e5 7. dxe6 Bxe6 8. Bd3 Nc6 9. f4 Nge7 10. Nf3 Qa5 11. O-O Qa6 12. Qe2 Na5 13. Nd2 O-O-O 14.
f5 Bd7 15. Nf3 gxf5 16. e5 Be6 17. Bg5 Rhe8 18. Rad1 Bxc4 19. exd6 Bxd3 20. dxe7 Rd5 21. Qe3 f6 22. Bxf6 Qxf6 23. Rxd3 Rxd3 24. Qxd3 Rxe7 25. h3 Nc6 26. Qd5 Qxc3 27. Qxf5+ Kc7 28. Qf4+ Kb6 29. Rb1+ Nb4 30. Qd6+ Kb5 31. Qxe7 1-0

[Event "Late-Titled-Tuesday-Blitz-February-27-2024"]
[Site "Chess.com"]
[Date "2024.02.27"]
[Round "7"]
[White "Mikhail646464"]
[Black "morte-negra"]
[Result "0-1"]
[WhiteElo "2350"]
[BlackElo "2061"]
[TimeControl "180+1"]
[EndTime "15:16:17 PST"]
[Termination "morte-negra won on time"]

1. c4 Nf6 2. Nc3 g6 3. e4 d6 4. d4 Bg7 5. Be2 O-O 6. h4 e5 7. d5 Na6 8. h5 Nc5 9. Qc2 c6 10.
Bg5 cxd5 11. cxd5 Qa5 12. Kf1 b5 13. h6 Bh8 14. f3 b4 15. Nd1 Ba6 16. Nf2 Rac8 17.
Qd1 Nh5 18. Rh3 f5 19. Rxh5 gxh5 20. Be7 fxe4 21. Bxf8 Rxf8 22. Qd2 Bf6 23. Rc1 Kh8 24. Qe3 Qd8 25. Ngh3 Rg8 26. Bxa6 Nxa6 27. Nxe4 Bh4 28. Qxa7 Nb8 0-1

[Event "Late-Titled-Tuesday-Blitz-February-27-2024"]
[Site "Chess.com"]
[Date "2024.02.27"]
[Round "7"]
[White "protectiago"]
[Black "lluiss"]
[Result "0-1"]
[WhiteElo "2069"]
[BlackElo "2137"]
[TimeControl "180+1"]
[EndTime "15:16:17 PST"]
[Termination "lluiss won by resignation"]

1. d4 d5 2. c4 c6 3. Nf3 e6 4. g3 f5 5. Bg2 Nf6 6. O-O Be7 7. b3 O-O 8. Ba3 Bxa3 9. Nxa3 Qd6 10. Nc2 Bd7 11. Nce1 Be8 12. Nd3 Bh5 13.
Nde5 Bxf3 14. Nxf3 Nbd7 15. Rc1 Rad8 16. Qd3 Ne4 17. Nd2 e5 18. f3 Nxd2 19. Qxd2 e4 20. c5 Qe6 21. e3 exf3 22. Rxf3 g6 23. Rcf1 Rde8 24. b4 a6 25. a4 Nf6 26. Qd3 Ng4 27.
Re1 Re7 28. h3 Nf6 29. b5 axb5 30. axb5 Rfe8 31. bxc6 bxc6 32. Qa6 Ne4 33. Kh2 h5 34. Bf1 Qf6 35. Bd3 h4 36. Bxe4 Rxe4 37. gxh4 Rxd4 38.
exd4 Rxe1 39. Qc8+ Kg7 40. Qc7+ Re7 41. Qg3 Qxd4 42.
h5 Re2+ 43. Kh1 Qd1+ 44. Qg1 Re1 45. Rf1 Rxf1 0-1

[Event "Late-Titled-Tuesday-Blitz-February-27-2024"]
[Site "Chess.com"]
[Date "2024.02.27"]
[Round "7"]
[White "db-banana"]
[Black "Roedor"]
[Result "1/2-1/2"]
[WhiteElo "2478"]
[BlackElo "2303"]
[TimeControl "180+1"]
[EndTime "15:16:18 PST"]
[Termination "Game drawn by repetition"]

1. e4 e5 2. Nf3 Nc6 3. Bc4 Bc5 4. c3 Nf6 5. d3 d6 6. Nbd2 a5 7. Bb3 Ba7 8. O-O O-O 9. h3 Be6 10. Bc2 Ne7 11. Re1 Ng6 12. Nf1 h6 13. d4 c6 14. Be3 Qc7 15. Ng3 Rad8 16. Qc1 exd4 17. cxd4 Rfe8 18. Nf5 Bxf5 19. exf5 Nf8 20. Bb3 d5 21.
Ne5 Ne4 22. Qd1 Nh7 23. Bf4 Nhf6 24. f3 Rxe5 25. fxe4 dxe4 26. Kh1 Rxd4 27. Bxe5 Qxe5 28. Qe2 a4 29. Bc2 Qxf5 30. Rad1 Nh5 31. Qg4 Rxd1 32.
Rxd1 Qe5 33. Rd8+ Kh7 34. Qxe4+ Qxe4 35. Bxe4+ g6 36. Bf3 Ng3+ 37. Kh2 Nf1+ 38. Kh1 Ng3+ 39. Kh2 Nf1+ 40. Kh1 Ng3+ 1/2-1/2

[Event "Late-Titled-Tuesday-Blitz-February-27-2024"]
[Site "Chess.com"]
[Date "2024.02.27"]
[Round "7"]
[White "Kosak12"]
[Black "AcostaPablo"]
[Result "1-0"]
[WhiteElo "2805"]
[BlackElo "2628"]
[TimeControl "180+1"]
[EndTime "15:16:19 PST"]
[Termination "Kosak12 won on time"]

1. e4 c5 2. Nf3 d6 3. d4 cxd4 4.
Nxd4 Nf6 5. Nc3 a6 6. Bg5 Nbd7 7. Qe2 e6 8. O-O-O Qc7 9. g4 b5 10. a3 Bb7 11. Bxf6 gxf6 12. f4 Bh6 13. g5 Bg7 14.
Qh5 Nc5 15. f5 O-O-O 16. Bh3 fxg5 17. fxe6 fxe6 18. Bxe6+ Kb8 19. Bd5 Bxd4 20. Rxd4 Qe7 21. Bxb7 Kxb7 22. Rhd1 Rhf8 23. Kb1 Ne6 24. R4d2 Nf4 25.
Qf3 Qe5 26. Qe3 Rfe8 27. Rd4 h6 28. a4 Qc5 29. axb5 axb5 30. Qd2 d5 31. Nxb5 Kc8 32. Qa5 Rd7 33. exd5 1-0

[Event "Late-Titled-Tuesday-Blitz-February-27-2024"]
[Site "Chess.com"]
[Date "2024.02.27"]
[Round "7"]
[White "Nemsko"]
[Black "Bilan_Danila"]
[Result "1/2-1/2"]
[WhiteElo "2400"]
[BlackElo "2534"]
[TimeControl "180+1"]
[EndTime "15:16:19 PST"]
[Termination "Game drawn - insufficient material"]

1. e4 c6 2. d4 d5 3. e5 c5 4.
dxc5 Nc6 5. Nf3 Bg4 6. Bb5 e6 7. Be3 Ne7 8. c3 Bxf3 9. Qxf3 Nf5 10. Bd4 Be7 11. O-O O-O 12. Bxc6 bxc6 13. b4 a5 14. Qd3 f6 15. Re1 axb4 16. cxb4 Nxd4 17. Qxd4 fxe5 18. Rxe5 Bf6 19. Nd2 Bxe5 20. Qxe5 Qh4 21. Nf3 Qxb4 22. Qxe6+ Kh8 23. Qxc6 Rxa2 24. Rf1 Rc2 25.
Qxd5 Qxc5 26. Qe4 Rc1 27. h3 Rxf1+ 28. Kxf1 Qc1+ 29. Ne1 Rc8 30. g3 Qc6 31. Qxc6 Rxc6 32. Kg2 g6 33. Nd3 Kg7 34. Nf4 Kf6 35. Nd5+ Ke5 36.
Ne3 Ke4 37. Ng4 Ra6 38. h4 Kd3 39. Ne5+ Ke2 40. Nf3 Rf6 41. Ng1+ Kd3 42. Nh3 h6 43. Nf4+ Rxf4 44. gxf4 Ke4 45. h5 gxh5 46. Kg3 h4+ 47. Kxh4 Kxf4 48. Kh5 Kf3 49. Kxh6 Kxf2 1/2-1/2

[Event "Late-Titled-Tuesday-Blitz-February-27-2024"]
[Site "Chess.com"]
[Date "2024.02.27"]
[Round "7"]
[White "rcmz"]
[Black "Sjakkerntobi"]
[Result "0-1"]
[WhiteElo "2214"]
[BlackElo "2460"]
[TimeControl "180+1"]
[EndTime "15:16:19 PST"]
[Termination "Sjakkerntobi won on time"]

1. b4 c6 2. Bb2 Qb6 3. a3 a5 4. c4 axb4 5. c5 Qc7 6. axb4 Rxa1 7. Bxa1 Nf6 8. Nc3 d5 9. d4 Nbd7 10. Nf3 g6 11. e3 Bg7 12. Bd3 O-O 13. O-O e5 14. dxe5 Nxe5 15. Nxe5 Qxe5 16. Nb5 Qg5 17. f4 Qh4 18. Bxf6 Bxf6 19. Nd6 Bc3 20. Qb3 Bd2 21. Bb1 Qe7 22. Rf3 d4 23. e4 Be3+ 24. Rxe3 dxe3 25.
Qxe3 Be6 26. Qc3 Qh4 27. g3 Qg4 28. Kf2 Qd1 29. Bc2 Qh1 30. h4 Qh2+ 31. Ke1 Bg4 32.
Bd3 Qxg3+ 33. Kd2 Qxf4+ 34. Kc2 Qf2+ 35. Kb1 Be2 36. Bc2 Qf1+ 37. Kb2 Ra8 38. Bb1 Bg4 39. e5 Qe2+ 0-1